 Dungeon Crawl Stone Soup version 0.31-a0-986-g5e6e4ef867 (webtiles) character file.

Game seed: 16553773125764489063

6141 sammy202020 the Grappler (level 10, -4/55 HPs)
             Began as a Vine Stalker Shapeshifter on Nov 6, 2023.
             Was an Initiate of Gozag.
             Slain by an orc warrior
             ... wielding a +0 glaive
              (9 damage)
             ... on level 9 of the Dungeon.
             The game lasted 00:15:43 (7817 turns).

sammy202020 the Grappler (VSSh)                     Turns: 7817, Time: 00:15:45

Health: -4/55      AC:  7    Str: 19    XL:     10   Next: 90%
Magic:  0/29       EV: 11    Int: 12    God:    Gozag
Gold:   579        SH:  5    Dex: 14    Spells: 22/22 levels left

rFire   . .          .
                       - Unarmed
rCold   + . .        (no shield)
rNeg    . . .        y - +0 scale mail
rPois   .            (helmet currently unavailable)
rElec   .            (cloak currently unavailable)
rCorr   .            (gloves currently unavailable)
SInv    .            (boots currently unavailable)
Will    +....        r - amulet of reflection Stlth
                     a - ring of magical power
HPRegen 1.09/turn    C - ring of protection from cold
MPRegen 0.21/turn

%: reflection, guardian spirit
@: lethally poisoned (-4 -> -5), beast-form, gold aura, slowed, studying
Spellcasting, very slow
A: beast (slay +4), fangs 3, regeneration 1, magic shield, antimagic bite, no
potion heal 2, hooves 1
a: Begin Untransformation, Renounce Religion, Potion Petition, Call Merchant,
Bribe Branch


You were on level 9 of the Dungeon.
You worshipped Gozag.
Gozag was pleased with you.
You were a hulking beast.
You visited 2 branches of the dungeon, and saw 10 of its levels.
You also visited: Ossuary.

You collected 2295 gold pieces.
You spent 33 gold pieces at shops.
You paid 1683 gold pieces to Gozag.

Inventory:

Armour
 h - a +1 ring mail
 i - a +0 pair of gloves
 j - a +0 helmet
 m - a +0 helmet
 p - a +0 cloak
 y - a +0 scale mail (worn)
Jewellery
 a - a ring of magical power (left hand)
 r - an amulet of reflection (around neck)
 v - a ring of flight
 x - a +6 ring of dexterity
 C - a ring of protection from cold (right hand)
Talismans
 c - a beast talisman
 d - a flux talisman
Wands
 f - a wand of flame (65)
 B - a wand of charming (5)
Scrolls
 l - a scroll of identify
 n - a scroll of enchant armour
 q - 2 scrolls of blinking
 z - a scroll of amnesia
 A - a scroll of enchant weapon
 D - a scroll of immolation
 E - a scroll of teleportation
Potions
 b - 6 potions of lignification
 e - a potion of cancellation
 g - 4 potions of brilliance
 k - a potion of ambrosia
 o - a potion of degeneration
 s - 3 potions of heal wounds
 t - 4 potions of might
 u - 2 potions of attraction
 w - 3 potions of curing


   Skills:
 * Level 7.0 Fighting
 + Level 4.4 Armour
 + Level 4.7 Dodging
 * Level 8.3 Unarmed Combat
 + Level 6.5 Spellcasting
 * Level 7.3 Shapeshifting


You had 22 spell levels left.
You didn't know any spells.
Your spell library contained the following spells:

 Spells                   Type           Power      Damage    Failure   Level
 Cigotuvi's Dreadful Rot  Necr/Pois/Air  6%         N/A       58%         2
 Summon Guardian Golem    Hex/Summ       3%         N/A       83%         3
 Dispel Undead            Necr           3%         3d7       99%         4
 Borgnjor's Vile Clutch   Necr/Erth      1%         N/A       100%        5
 Death Channel            Necr           1%         N/A       100%        6
 Orb of Destruction       Conj           1%         9d5       100%        7
 Spellforged Servitor     Conj/Summ      1%         N/A       100%        7
 Animate Dead             Necr           Unusable   N/A       N/A         4

Dungeon Overview and Level Annotations

Branches:
Dungeon (9/15)             Temple (1/1) D:4         Ossuary (visited)
   Lair: D:8-11         Orc: D:9-12

Altars:
Ashenzari
Cheibriados
Dithmenos
Elyvilon
Fedhas
Gozag
Hepliaklqana
Kikubaaqudgha
Makhleb
Nemelex Xobeh
Okawaru
Qazlal
Ru
Sif Muna
Trog
Uskayaw
Vehumet
Wu Jian
Xom
Yredelemnul
Zin
The Shining One

Shops:
D:4 :   D:8 *[


Innate Abilities, Weirdness & Mutations

You are a hulking beast.
Your limbs bulge with bestial killing power. (Slay +4)
You have razor-sharp teeth.
Your natural rate of healing is unusually fast.
When hurt, damage is shared between your health and your magic reserves.
Your bite disrupts and absorbs the magic of your enemies.
Potions cannot restore your health.
You have large cloven feet.


Message History

You barely miss the kobold brigand. Your bite misses the kobold brigand.
The kobold brigand is heavily wounded.
You feel very sick. The kobold brigand misses you.
The orc warrior hits you from afar with a +0 glaive!
* * * LOW HITPOINT WARNING * * *
The kobold brigand closely misses you.
You punch the kobold brigand!
You kill the kobold brigand!
You feel very sick.
The orc warrior is distracted by your dazzling golden aura.
Unknown command.
You feel very sick.
You strike the helpless orc warrior from behind!
You punch the orc warrior!
The orc warrior is no longer distracted by gold.
You kick the orc warrior, but do no damage.
You bite the orc warrior, but do no damage.
The orc warrior is heavily wounded.
You feel sick. The orc warrior barely misses you.
You hit the orc warrior.
You kick the orc warrior, but do no damage.
The orc warrior is heavily wounded.
You feel sick.
The orc warrior hits you with a +0 glaive!
* * * LOW HITPOINT WARNING * * *
You hit the orc warrior but do no damage.
The orc warrior is heavily wounded.
You feel sick. The orc warrior barely misses you.
An orc warrior comes into view. It is wielding a +0 morningstar.
The orc warrior hits you with a +0 glaive.
* * * LOW HITPOINT WARNING * * *
You punch the orc warrior! Your kick misses the orc warrior.
You punch the orc warrior.
You bite the orc warrior, but do no damage.
The orc warrior is almost dead.
You feel sick.
The orc warrior hits you with a +0 glaive!
You die...
Your body crumbles into a pile of gold.

#..# o..#### ...~≈≈#
###..≈8≈# . #
....~~≈#'# ###~
#.........
...~###..o......
...~...$h..#
...~....##.# #
####....# # .#
#.....####..#
##..#~~~~≈~~~~
#..##.........
#######.###.........
....................
.........>.)########


You could see 2 orc warriors.

Vanquished Creatures
  Jeremiah (D:7)
  A troll (D:9)
  A hornet (D:8)
  Eustachio (D:5)
  5 yaks (D:9)
  Menkaure (D:4)
  Edmund (D:4)
  An acid dragon (D:8)
  Duvessa (D:5)
  2 water moccasins
  3 orc warriors
  An ice beast (D:8)
  3 black bears
  A sky beast (D:7)
  3 ogres
  2 centaurs (D:9)
  A phantom (D:4)
  5 kobold brigands
  2 bullfrogs
  3 elf zombies (Ossuary)
  6 scorpions
  7 wights
  Dowan (D:5)
  2 howler monkeys
  2 centaur zombies (Ossuary)
  5 hounds
  2 orc priests
  7 human zombies (Ossuary)
  Crazy Yiuf (D:4)
  A sleepcap (D:7)
  7 orc wizards
  A scorpion zombie (D:5)
  3 iguanas
  A hound zombie (D:5)
  3 hound skeletons (D:5)
  3 mummies (Ossuary)
  Robin (D:4)
  3 gnolls (D:4)
  2 howler monkey skeletons (D:5)
  13 adders
  2 shadow imps
  A white imp (D:6)
  2 adder skeletons (D:5)
  3 dart slugs
  20 orcs
  8 ball pythons
  4 bats
  12 endoplasms
  5 giant cockroaches
  14 goblins
  9 hobgoblins
  2 jackals (D:3)
  4 quokkas
  5 frilled lizards
  12 kobolds
  4 rats (D:1)
  A spectral hobgoblin (D:2)
218 creatures vanquished.

Notes
Turn   | Place    | Note
-------+----------+-------------------------------------------
     0 | D:1      | sammy202020 the Vine Stalker Shapeshifter began the quest
                  | for the Orb.
     0 | D:1      | Reached XP level 1. HP: 9/9 MP: 2/2
    52 | D:1      | Reached skill level 1 in Fighting
   125 | D:1      | Reached XP level 2. HP: 14/14 MP: 1/3
   304 | D:1      | You fall into a shaft and drop 1 floor!
   310 | D:2      | Identified the staff of Qaetec {rPois MP+9 Int-5 Conj
                  | Poison}
   369 | D:2      | Found a faded altar of an unknown god.
   647 | D:1      | Reached XP level 3. HP: 16/18 MP: 4/4
  1114 | D:2      | Reached XP level 4. HP: 23/23 MP: 6/6
  1487 | D:3      | Reached skill level 1 in Spellcasting
  1817 | D:3      | Reached skill level 1 in Armour
  1817 | D:3      | Reached XP level 5. HP: 26/26 MP: 7/7
  1928 | D:3      | Found a sparkling altar of Nemelex Xobeh.
  2086 | D:4      | Reached skill level 4 in Unarmed Combat
  2147 | D:4      | Found Bohextiq's Tiny Tomes.
  2167 | D:4      | Noticed a phantom
  2185 | D:4      | Killed a phantom
  2186 | D:4      | Reached XP level 6. HP: 31/32 MP: 9/9
  2281 | D:4      | Noticed Robin
  2293 | D:4      | Killed Robin
  2512 | D:4      | Reached XP level 7. HP: 19/36 MP: 11/11
  2582 | D:4      | Noticed Edmund
  2597 | D:4      | Killed Edmund
  2960 | D:4      | Reached skill level 5 in Unarmed Combat
  2964 | D:4      | Found a staircase to the Ecumenical Temple.
  2964 | D:4      | Noticed Menkaure
  2991 | Temple   | Entered the Ecumenical Temple
  3339 | Temple   | Became a worshipper of Gozag Ym Sagoz the Greedy
  3373 | D:4      | Killed Menkaure
  3374 | D:4      | Gained mutation: You have razor-sharp teeth. [Vine Stalker
                  | growth]
  3374 | D:4      | Reached XP level 8. HP: 28/42 MP: 13/13
  3620 | D:4      | Found a runed translucent door.
  3621 | D:4      | Noticed Crazy Yiuf
  3625 | D:4      | Paralysed by Crazy Yiuf for 3 turns
  3631 | D:4      | Killed Crazy Yiuf
  3637 | D:4      | Identified the +8 hammer "Amiupp" {freeze, +Blink rCorr}
  3716 | D:5      | Entered Level 5 of the Dungeon
  3737 | D:5      | Found a sand-covered staircase.
  3751 | Ossuary  | Entered an ossuary
  3930 | Ossuary  | Reached skill level 5 in Shapeshifting
  3964 | Ossuary  | Identified a scroll of acquirement
  3964 | Ossuary  | Acquired a manual of Spellcasting
  4167 | D:5      | Reached skill level 6 in Unarmed Combat
  4223 | D:5      | Found a stormy altar of Qazlal.
  4269 | D:5      | Noticed Eustachio
  4290 | D:5      | Killed Eustachio
  4291 | D:5      | Reached XP level 9. HP: 46/46 MP: 15/15
  4388 | D:5      | Identified the staff "Taewnem" {rElec rPois Air}
  4390 | D:5      | Found a shimmering blue altar of Sif Muna.
  4451 | D:5      | Reached skill level 5 in Fighting
  4466 | D:5      | Noticed Duvessa
  4466 | D:5      | Noticed Dowan
  4483 | D:5      | Killed Duvessa
  4490 | D:5      | Killed Dowan
  6231 | D:7      | Acquired 893 gold pieces
  6251 | D:7      | Reached skill level 7 in Unarmed Combat
  6630 | D:7      | Noticed Jeremiah
  6645 | D:7      | Killed Jeremiah
  6646 | D:7      | Reached skill level 5 in Spellcasting
  6693 | D:7      | Reached XP level 10. HP: 53/53 MP: 18/18
  6862 | D:7      | Found a white marble altar of Elyvilon.
  6866 | D:7      | Found a hide-covered altar of Uskayaw.
  6868 | D:7      | Found a shadowy altar of Dithmenos.
  6869 | D:7      | Found a hazy altar of Hepliaklqana.
  6872 | D:7      | Found a snail-covered altar of Cheibriados.
  7467 | D:8      | Paralysed by a hornet for 3 turns
  7550 | D:8      | Bought a fizzy silvery potion for 33 gold pieces
  7551 | D:8      | Gained mutation: You have large cloven feet. [potion of
                  | mutation]
  7635 | D:9      | Reached skill level 8 in Unarmed Combat
  7809 | D:9      | Noticed a two-headed ogre
  7817 | D:9      | Slain by an orc warrior

Illustrated notes

Levels and vault maps discovered:
D:1:      dpeg_arrival_solitude, layout_rooms, minmay_misc_feat_secret_circle,
          due_unseen_surprise
D:2:      layout_loops_ring, dreamdust_ecumenical_altar_drowned_temple,
          minmay_tetromino_t4
D:3:      layout_loops_ring, lemuel_tele_altar
D:4:      layout_basic, temple_green, chequers_hall_statues_y,
          nicolae_shop_i_like_small_books_too, minmay_pentangle, uniq_robin,
          uniq_menkaure, uniq_crazy_yiuf_cottage, uniq_edmund
D:5:      layout_loops_corners, lemuel_coloured_pillars_altar,
          grunt_qazlal_clouds, mainiacjoe_ossuary_entry_find_the_door,
          uniq_duvessa, uniq_eustachio
D:6:      layout_gridville, abandoned_shop
D:7:      layout_loops_ring, minitemple, minivault_10,
          eino_small_chamber_without_monster, uniq_jeremiah
D:8:      layout_rooms
D:9:      cheibrodos_ideogram_h, layout_long_grid, lair_entry_dummy,
          enter_bailey_2, nicolae_fountain_basement
Temple:   minmay_temple_curvy_branch

Skill      XL: |  1  2  3  4  5  6  7  8  9 10 |
---------------+-------------------------------+-----
Fighting       | 1 2 3 4 5 7 |  7.0
Spellcasting   | 1 2 3 5 6 |  6.5
Dodging        | 2 3 4 |  4.7
Armour         | 1 2 3 4 |  4.4
Unarmed Combat | 4 5 6 7 8 |  8.3
Shapeshifting  | 4 5 6 7 |  7.3

Action                     |  1- 3 |  4- 6 |  7- 9 | 10-12 || total
---------------------------+-------+-------+-------+-------++-------
  Melee: Unarmed           |    91 |   153 |   341 |   154 ||   739
         Bite              |    23 |    35 |   112 |    45 ||   215
         Punch             |     4 |     5 |    16 |     7 ||    32
         Kick              |       |       |       |    29 ||    29
 Invoke: Call Merchant     |       |       |       |     2 ||     2
         Potion Petition   |       |       |       |     1 ||     1
    Use: Scroll            |     3 |     7 |     5 |     7 ||    22
         Potion            |       |     2 |     3 |     2 ||     7
   Stab: Distracted        |       |       |     1 |     1 ||     2
 Armour: Animal skin       |     9 |       |       |       ||     9
         Ring mail         |    41 |    78 |   237 |    12 ||   368
         Skin              |       |       |    36 |    14 ||    50
         Scale mail        |       |       |       |    90 ||    90
  Dodge: Dodged            |    38 |    77 |   155 |    69 ||   339
  Block: Other             |       |       |    30 |    42 ||    72
         Reflection        |       |       |       |     4 ||     4

Table legend: (Time is in decaauts)
 A = Elapsed time spent in this place.
 B = Non-inter-level travel time spent in this place.
 C = Inter-level travel time spent in this place.
 D = Time resting spent in this place.
 E = Time spent auto-exploring this place.
 F = Levels seen in this place.
 G = Mean time per level.
                   A        B        C        D        E       F      G
               +--------+--------+--------+--------+--------+-----+--------+
         Total |   7731 |   7600 |    131 |    723 |   4950 |  11 |  702.8 |
       Dungeon |   7144 |   7013 |    131 |    723 |   4779 |   9 |  793.8 |
        Temple |    373 |    373 |      0 |      0 |     83 |   1 |  373.0 |
       Ossuary |    213 |    213 |      0 |      0 |     88 |   1 |  213.0 |
               +--------+--------+--------+--------+--------+-----+--------+

Top non-repeatable levels by time:
     D:4: 1317 daAuts
     D:6: 1167 daAuts
     D:5: 1040 daAuts
     D:7: 906 daAuts
     D:2: 755 daAuts
     D:1: 652 daAuts
     D:3: 579 daAuts
     D:8: 513 daAuts
  Temple: 373 daAuts
 Ossuary: 213 daAuts
     D:9: 212 daAuts
